Map: Kairos Junction LE

Players

Mez

  • Race: Zerg Zerg
  • League: Master
  • Spawn Location: 11:00

NitWay - Winner!

  • Race: Terran Terran
  • League: Master
  • Spawn Location: 5:00

VOD

Have the link to the VOD?

Description

Time

  • Played on: July 29, 2019, 5:32 a.m.
  • Length: 19:33
Show
View Real Time Build Order
Export as new Build Order

Mez Zerg 

Build Orders: Hatch First 

Get SALT Encoding   

  12  0:01  Drone  
  13  0:09  Drone  
  14  0:17  Drone, Extractor  
  15  0:22  Overlord  
  15  0:43  Drone  
  16  0:54  Drone  
  17  0:58  Drone, Hatchery  
  17  1:06  Drone  
  18  1:16  Spawning Pool  
  17  1:19  Drone  
  18  1:28  Extractor  
  18  1:29  Drone  
  18  1:39  Overlord  
  18  1:59  Drone  
  19  2:04  Queen  
  19  2:06  Zergling x2  
  22  2:09  Queen  
  22  2:11  Zergling x4  
  26  2:22  Drone x2  
  28  2:35  Metabolic Boost  
  28  2:39  Drone x2  
  30  2:48  Queen  
  30  2:51  Drone x2  
  33  2:53  Overlord  
  34  3:04  Drone x2  
  36  3:20  Hatchery  
  36  3:22  Overlord  
  36  3:23  Drone x3  
  38  3:40  Drone  
  38  3:41  Drone x5  
  44  3:52  Overlord  
  44  4:03  Zergling x12  
  50  4:10  Roach Warren, Extractor  
  48  4:17  Extractor  
  48  4:20  Drone x5  
  52  4:39  Overlord x2  
  52  4:40  Overlord  
  52  4:54  Roach x3  
  58  5:03  Roach x11  
  80  5:14  Overlord x3  
  80  5:25  Roach  
  82  5:34  Roach x5  
  82  5:35  Roach  
  94  5:49  Ravager  
  95  5:50  Ravager x3  
  98  5:59  Overlord  
  98  6:00  Overlord x2  
  98  6:03  Overlord  
  98  6:04  Overlord x3  
  89  6:28  Roach x3  
  90  6:35  Spore Crawler  
  90  6:39  Spore Crawler  
  84  6:40  Lair  
  84  6:41  Spore Crawler  
  76  6:52  Drone x3  
  76  6:53  Drone x6, Spore Crawler x2  
  83  7:07  Drone x6  
  75  7:19  Drone x6  
  67  7:36  Drone  
  67  7:37  Drone x9  
  71  7:59  Glial Reconstitution, Hatchery, Extractor  
  69  8:09  Spore Crawler  
  69  8:10  Hatchery  
  69  8:12  Spore Crawler  
  66  8:17  Spore Crawler  
  65  8:23  Queen  
  65  8:24  Hydralisk Den  
  66  8:32  Extractor x2  
  64  8:47  Roach x17  
  64  8:48  Roach x2  
  100  8:56  Grooved Spines  
  100  9:01  Queen  
  102  9:14  Queen  
  102  9:30  Queen x2  
  106  9:32  Queen  
  106  9:37  Drone x3  
  106  9:38  Drone x15  
  126  9:58  Extractor  
  126  9:59  Extractor  
  124  10:04  Hydralisk x10  
  144  10:07  Muscular Augments  
  122  10:22  Roach x10  
  118  10:59  Evolution Chamber  
  118  11:02  Evolution Chamber, Hydralisk x3  
  118  11:03  Hydralisk x14  
  122  11:29  Hatchery  
  105  11:44  Zerg Missile Weapons Level 1  
  105  11:45  Infestation Pit, Zerg Ground Armor Level 1  
  102  11:53  Drone x10  
  102  11:54  Drone x10  
  121  11:58  Spore Crawler  
  121  12:00  Spore Crawler  
  120  12:31  Overlord x2  
  120  12:33  Infestor  
  120  12:34  Infestor x4  
  120  12:35  Infestor  
  120  12:36  Infestor x5  
  142  12:44  Burrow  
  142  12:47  Neural Parasite  
  142  12:59  Queen  
  142  13:03  Drone x4  
  142  13:04  Drone x6  
  154  13:10  Drone  
  154  13:11  Drone x3  
  158  13:13  Hydralisk x7  
  172  13:24  Spore Crawler  
  172  13:26  Spore Crawler x2  
  169  13:30  Spore Crawler  
  168  13:39  Overlord x2  
  168  13:42  Drone x6  
  168  13:47  Extractor  
  168  13:48  Extractor  
  167  14:00  Hive  
  153  14:03  Zerg Ground Armor Level 2, Zerg Missile Weapons Level 2  
  153  14:06  Drone x7  
  153  14:07  Drone x14  
  171  14:38  Drone x7  
  178  14:47  Spore Crawler x2  
  178  14:49  Spore Crawler x2  
  178  14:51  Hydralisk x3  
  178  14:52  Hydralisk x2  
  161  15:16  Roach x11  
  161  15:17  Roach  
  161  15:19  Overlord x4  
  181  15:37  Queen x3  
  181  15:41  Hatchery  
  181  15:42  Spire  
  153  16:07  Hydralisk x13  
  153  16:08  Hydralisk x6  
  169  16:12  Queen  
  145  16:26  Infestor x2  
  145  16:27  Infestor x3  
  145  16:29  Zerg Missile Weapons Level 3  
  145  16:44  Hydralisk x8  
  159  16:48  Queen  
  161  16:59  Drone x4  
  161  17:00  Drone x8  
  173  17:16  Spore Crawler  
  173  17:18  Spore Crawler  
  171  17:43  Infestor x6  
  187  17:57  Greater Spire  
  137  18:35  Infestor x6  
  137  18:39  Infestor x2  
  137  18:40  Infestor x3  
  120  18:47  Drone x14, Infestor  
  120  18:48  Infestor x4  
  118  18:53  Hydralisk x9  
  134  18:59  Hydralisk x16  
  132  19:04  Roach x7  
Show
View Real Time Build Order
Export as new Build Order

NitWay Terran - Winner!

Build Orders: Reaper Expand 

Get SALT Encoding   

  12  0:01  SCV  
  13  0:13  SCV  
  14  0:17  Supply Depot  
  14  0:25  SCV  
  15  0:38  SCV  
  15  0:40  Barracks  
  16  0:44  Refinery  
  16  0:50  SCV  
  17  1:03  SCV  
  18  1:15  SCV  
  19  1:28  Orbital Command  
  19  1:29  Reaper  
  20  1:41  Command Center  
  20  1:54  SCV  
  20  1:56  Supply Depot  
  20  2:01  Marine  
  22  2:10  SCV  
  22  2:11  Factory  
  23  2:16  Refinery  
  23  2:27  Barracks Reactor  
  23  2:29  SCV  
  24  2:41  SCV  
  25  2:53  SCV  
  25  2:54  Orbital Command  
  25  2:57  Starport  
  26  3:08  SCV  
  26  3:09  Hellion x2  
  26  3:10  Barracks Tech Lab  
  31  3:20  SCV  
  31  3:21  SCV  
  33  3:32  SCV  
  33  3:33  Hellion, SCV  
  37  3:35  Hellion  
  39  3:42  Fusion Core  
  39  3:44  Viking  
  39  3:45  SCV  
  39  3:47  SCV  
  43  3:50  Supply Depot  
  43  3:53  Supply Depot  
  43  3:57  SCV  
  43  3:58  Hellion  
  46  4:12  Hellion, SCV x2  
  50  4:19  Hellion  
  54  4:24  SCV x2  
  54  4:27  Command Center  
  54  4:33  Hellion  
  54  4:36  SCV x2  
  58  4:51  Supply Depot  
  60  4:53  Supply Depot  
  58  5:05  Battlecruiser  
  62  5:13  SCV x2  
  64  5:14  Refinery  
  64  5:15  Refinery  
  64  5:18  Hellion x2  
  68  5:30  SCV x2  
  69  5:39  Hellion  
  69  5:40  Hellion  
  69  5:42  SCV x2, Barracks Tech Lab  
  74  5:44  Factory  
  75  5:54  Orbital Command  
  75  6:09  SCV x2  
  81  6:23  Hellion x2  
  56  6:39  SCV x2  
  54  6:40  SCV  
  45  6:51  SCV x2  
  45  6:52  SCV  
  45  6:53  Siege Tank  
  45  6:54  Hellion  
  48  7:03  SCV x2  
  50  7:13  Hellion  
  31  7:23  SCV x3  
  31  7:35  SCV x3  
  34  7:38  Siege Tank  
  34  7:39  Factory Reactor  
  37  7:47  SCV x3  
  40  7:51  Supply Depot  
  40  7:52  Supply Depot  
  40  7:57  Starport, Barracks Tech Lab  
  40  7:59  SCV x3  
  40  8:00  Starport  
  43  8:11  SCV x3  
  46  8:20  Siege Tank  
  46  8:23  SCV x3  
  46  8:24  Hellion x2  
  56  8:34  Barracks Tech Lab  
  56  8:35  SCV x2  
  56  8:36  SCV  
  56  8:38  Starport Tech Lab  
  59  8:47  SCV x2  
  59  8:48  SCV  
  62  8:49  Battlecruiser  
  68  8:58  Supply Depot  
  68  8:59  SCV, Supply Depot  
  68  9:00  SCV x2  
  68  9:02  Supply Depot x2  
  77  9:03  Battlecruiser  
  77  9:09  Supply Depot  
  77  9:12  SCV x2  
  77  9:13  Hellion x2  
  83  9:30  Orbital Command  
  84  9:31  SCV x2  
  85  9:41  Siege Tank, Hellion  
  85  9:42  Hellion  
  85  9:43  SCV x2  
  94  9:48  Refinery  
  94  9:49  Refinery  
  94  9:53  Battlecruiser  
  94  9:57  Factory  
  100  10:06  SCV x3  
  103  10:12  Battlecruiser  
  102  10:22  Siege Tank, Hellion  
  102  10:23  Hellion  
  102  10:28  SCV x3  
  110  10:40  SCV x3  
  110  10:41  Command Center  
  113  10:43  Siege Tank  
  113  10:44  Armory  
  113  10:45  Hellion, Armory  
  118  10:52  SCV x2  
  118  10:54  Siege Tank, Supply Depot  
  118  10:55  Supply Depot  
  118  10:56  Supply Depot  
  123  11:09  SCV x2  
  125  11:16  SCV  
  126  11:18  Siege Tank  
  126  11:19  Hellion x2  
  139  11:26  Siege Tank  
  142  11:47  Mag-Field Accelerator  
  142  11:53  Terran Vehicle And Ship Armor Level 1, Terran Vehicle Weapons Level 1, Barracks Tech Lab  
  139  11:57  Barracks Reactor  
  139  12:00  Factory  
  139  12:04  Factory  
  139  12:06  Factory  
  139  12:07  Factory  
  139  12:11  Cyclone x2  
  139  12:12  Hellion x2  
  146  12:17  Infernal Pre-Igniter  
  146  12:24  Engineering Bay  
  146  12:43  Hellion x2  
  150  12:44  Cyclone x2  
  150  12:46  Refinery  
  150  12:49  Refinery  
  156  12:53  Starport Reactor, Factory Tech Lab  
  156  12:54  Planetary Fortress  
  156  12:57  Starport Reactor  
  156  13:02  Sensor Tower x2  
  156  13:03  Missile Turret  
  156  13:20  Cyclone x2  
  164  13:34  Hellion  
  164  13:40  Hellion x3, Cyclone x3  
  164  13:41  Supply Depot x2  
  179  13:42  Supply Depot  
  179  13:43  Supply Depot  
  179  13:44  Supply Depot  
  179  13:45  Supply Depot  
  179  13:50  Command Center  
  179  13:53  Command Center  
  180  14:17  SCV x4  
  180  14:23  Cyclone x5  
  200  14:24  Hellion  
  200  14:25  Terran Vehicle And Ship Armor Level 2, Terran Vehicle Weapons Level 2  
  200  14:40  Sensor Tower  
  200  14:57  Command Center  
  200  15:23  Orbital Command  
  200  15:27  Factory  
  200  15:33  Factory  
  182  15:58  Cyclone x3  
  182  15:59  Hellion, Cyclone x2  
  182  16:00  Hellion x3  
  147  16:21  Hellion x4  
  152  16:30  Cyclone x2  
  152  16:31  Factory Reactor, Hellion, Cyclone x2, Factory Tech Lab  
  166  16:42  Hellion x2  
  170  16:49  Planetary Fortress  
  170  16:50  Refinery  
  170  16:55  Planetary Fortress  
  170  17:01  Sensor Tower  
  170  17:14  Cyclone x5  
  170  17:15  Cyclone  
  188  17:16  Hellion x6  
  188  17:18  Command Center  
  188  17:19  Command Center  
  200  17:32  Refinery  
  200  17:43  Command Center  
  194  18:47  Cyclone  
  194  18:48  Cyclone x5  
  188  18:49  Hellion x4  
  188  18:50  Hellion x2  
  200  19:03  Orbital Command  
Tags
 
Add a new tag
Caveats
  • Supply blocks, unpowered buildings, or Contaminate may cause inaccurate times.
  • Supply counts are checked every 10 seconds.